 Dungeon Crawl Stone Soup version 0.32-a0-630-g46d191b0ed (webtiles) character file.

Game seed: 17002547653897981667

20 Alarak the Shooter (level 2, -1/23 HPs)
             Began as a Barachi Hunter on Mar 7, 2024.
             Slain by a ribbon worm (6 damage)
             ... on level 1 of the Dungeon.
             The game lasted 00:02:04 (793 turns).

Alarak the Shooter (Barachi Hunter)                  Turns: 793, Time: 00:02:06

Health: -1/23      AC:  3    Str: 12    XL:     2   Next: 79%
Magic:  2/2        EV: 12    Int:  9    God:
Gold:   38         SH:  0    Dex: 15    Spells: 1/1 levels left

rFire   . . .        a - +0 shortbow
rCold   . . .        (shield currently unavailable)
rNeg    . . .        c - +0 leather armour
rPois   .            (no helmet)
rElec   .            (no cloak)
rCorr   .            (no gloves)
SInv    .            (no boots)
Will    .....        (no amulet)
Stlth   +            (no ring)
HPRegen 0.23/turn    (no ring)
MPRegen 0.08/turn

%: no passive effects
@: unable to hop, slow
A: amphibious, slowness 1, strong legs 1, +LOS
a: Hop


You were on level 1 of the Dungeon.
You visited 1 branch of the dungeon, and saw 2 of its levels.

You collected 38 gold pieces.

Inventory:

Hand Weapons
 a - a +0 shortbow (weapon)
Armour
 c - a +0 leather armour (worn)
 f - a +0 ring mail
Scrolls
 b - a scroll of butterflies
Potions
 d - a potion of haste {unknown}
 e - a potion of mutation {unknown}


   Skills:
 + Level 2.4 Fighting
 - Level 4.7 Ranged Weapons
 - Level 2.1 Dodging
 - Level 0.8 Stealth


You had one spell level left.
You didn't know any spells.
Your spell library was empty.

Dungeon Overview and Level Annotations

Branches:
Dungeon (2/15)

Altars:


Innate Abilities, Weirdness & Mutations

You are amphibious.
You cover ground slowly.
You can hop short distances.
You have an extended range of vision and can be seen from far away.


Message History

You are too injured to fight recklessly!
The ribbon worm bites you.
* * * LOW HITPOINT WARNING * * *
You climb upwards.
There is a stone staircase leading down here.
Hop to where?
Press: ? - help, Q - select action, (/) - cycle Dir - move target Boing!
The ribbon worm expels a string of sticky webbing.
The stream of webbing hits you but does no damage.
You are caught in a web!
You struggle to detach yourself from the web.
You are too injured to fight recklessly!
The web tears apart.
You are too injured to fight recklessly!
Fire: a) +0 shortbow
Press: ? - help, Shift-Dir - straight line, f - ribbon worm
Aim: a ribbon worm (catching its breath, 79% to hit)
You shoot an arrow. The arrow hits the ribbon worm!
The ribbon worm is heavily wounded.
Fire: a) +0 shortbow
Press: ? - help, Shift-Dir - straight line, f/p - ribbon worm
Aim: a ribbon worm (moderately wounded, 79% to hit)
You shoot an arrow.
The arrow hits the ribbon worm but does no damage.
The ribbon worm is moderately wounded.
The ribbon worm bites you.
You die...

.#.....#≈~.....~~######.##....÷..
...##.#ß~.......~ß#.....###.....#
#.###..+.Pß.<.ßP.'..###..........
#.# ###ß~.......~ß### ######...##
#.# ##~~.....≈~## ##.## #.#
#≈≈P.ß)P≈≈# #.# ..# ###≈≈~.~~~###
##.## ###
#.##≈~P≈≈##.##########...##
#..##≈~~##@w>.)........#...
#...#####....#########...##
#..#.##.#.#### ##.#.. ##...##.#.#
#.#.# ######.##.#.# #.#.#
#......##.#.# #.#.. #.####.##.#.#
##.#.# # #.# #.##.#.# #..#.# #
#.# ##.##.#.# #.##.#


You could see a ribbon worm.

Vanquished Creatures
  A dart slug (D:1)
  A ball python (D:1)
  2 bats (D:1)
  2 giant cockroaches (D:1)
  2 hobgoblins (D:1)
  2 kobolds (D:1)
  A quokka (D:1)
  2 frilled lizards (D:1)
  4 rats
17 creatures vanquished.

Notes
Turn   | Place    | Note
-------+----------+-------------------------------------------
     0 | D:1      | Alarak the Barachi Hunter began the quest for the Orb.
     0 | D:1      | Reached XP level 1. HP: 17/17 MP: 1/1
   132 | D:1      | Reached XP level 2. HP: 23/23 MP: 2/2
   793 | D:1      | Slain by a ribbon worm

Illustrated notes

Levels and vault maps discovered:
D:1:      lightli_arrival_statuegarden, layout_loops_ring,
          minmay_misc_feat_hallway, serial_bayou_crossing
D:2:      layout_basic, minmay_tree_intersection

Action                     || total
---------------------------++-------
   Fire: Shortbow          ||    79
Ability: Hop               ||     2
 Armour: Leather armour    ||    22
  Dodge: Dodged            ||    24

Table legend: (Time is in decaauts)
 A = Elapsed time spent in this place.
 B = Non-inter-level travel time spent in this place.
 C = Inter-level travel time spent in this place.
 D = Time resting spent in this place.
 E = Time spent auto-exploring this place.
 F = Levels seen in this place.
 G = Mean time per level.
                   A        B        C        D        E       F      G
               +--------+--------+--------+--------+--------+-----+--------+
         Total |    929 |    892 |     37 |     80 |    664 |   2 |  464.5 |
       Dungeon |    929 |    892 |     37 |     80 |    664 |   2 |  464.5 |
               +--------+--------+--------+--------+--------+-----+--------+

Top non-repeatable levels by time:
     D:1: 882 daAuts
     D:2: 47 daAuts
